Get step-by-step instructions on how to execute this build order below. Start the game timer, and the build order will tick by so you can play in parallel with StarCraft on a second screen or mobile device.

Game Time

  0:00

Last Step

  N/A

Next Step

Upcoming Step



Don't want to look back and forth between 2 screens? Try out our Overwolf App, the Spawning Tool Build Advisor to get an in-game overlay with this build!

Complete Build Order

  12  0:00  Drone  
  13  0:08  Drone  
  14  0:17  Overlord  
  14  0:35  Drone x2  
  16  0:47  Hatchery  
  15  0:51  Drone  
  15  0:55  Drone  
  17  1:00  Drone  
  18  1:13  Spawning Pool  
  18  1:16  Drone  
  18  1:20  Drone  
  19  1:33  Drone  
  20  1:43  Hatchery  
  20  1:44  Drone  
  20  1:59  Queen  
  20  2:00  Zergling x2  
  20  2:01  Zergling x2  
  24  2:08  Queen  
  26  2:13  Overlord  
  26  2:16  Drone  
  26  2:19  Drone  
  28  2:32  Drone x3  
  28  2:35  Drone  
  28  2:36  Queen  
  34  2:42  Drone  
  34  2:44  Drone  
  36  2:53  Overlord  
  36  2:54  Queen  
  36  2:55  Extractor  
  36  2:56  Drone  
  38  2:58  Drone  
  39  3:05  Roach Warren  
  39  3:08  Drone  
  39  3:09  Drone  
  39  3:11  Drone  
  41  3:13  Extractor  
  41  3:16  Drone  
  41  3:17  Drone x2  
  43  3:20  Drone  
  43  3:24  Overlord  
  44  3:27  Drone  
  44  3:30  Overlord  
  45  3:45  Roach x3  
  45  3:47  Drone x4  
  55  3:48  Roach  
  55  3:53  Queen  
  59  3:58  Drone x2  
  61  4:04  Roach x2  
  61  4:06  Drone  
  61  4:09  Overlord  
  66  4:11  Overlord  
  66  4:16  Overlord  
  66  4:18  Overlord  
  66  4:20  Overlord  
  66  4:26  Overlord  
  66  4:27  Drone x2  
  66  4:28  Drone  
  66  4:29  Drone  
  66  4:31  Drone  
  71  4:35  Queen  
  73  4:39  Lair  
  73  4:41  Drone  
  73  4:42  Extractor  
  73  4:43  Spore Crawler  
  72  4:46  Spore Crawler  
  72  4:48  Spore Crawler  
  72  4:49  Drone  
  72  4:50  Drone  
  72  4:54  Drone x2  
  72  4:55  Drone  
  72  4:58  Drone x3  
  77  5:00  Drone  
  77  5:02  Drone  
  77  5:04  Drone  
  78  5:07  Drone x2  
  78  5:10  Drone  
  78  5:12  Drone x2  
  82  5:15  Drone  
  82  5:16  Drone  
  82  5:17  Drone  
  82  5:19  Drone  
  82  5:21  Drone  
  87  5:22  Drone  
  87  5:23  Drone  
  87  5:26  Drone x2  
  87  5:28  Drone  
  92  5:31  Drone  
  92  5:32  Drone  
  94  5:36  Queen  
  94  5:37  Drone  
  94  5:40  Drone  
  97  5:44  Overseer  
  97  5:45  Drone x2  
  97  5:47  Drone  
  97  5:48  Glial Reconstitution  
  97  5:49  Drone x2  
  101  5:50  Extractor  
  101  5:52  Evolution Chamber  
  101  5:53  Overseer, Evolution Chamber  
  98  6:01  Hatchery  
  98  6:03  Drone  
  98  6:04  Extractor  
  98  6:06  Infestation Pit  
  96  6:11  Roach  
  96  6:12  Roach x4  
  96  6:15  Roach x2  
  96  6:18  Overlord  
  110  6:20  Extractor  
  110  6:21  Ravager x5  
  110  6:25  Overlord x3  
  114  6:33  Overlord x2  
  114  6:36  Overlord  
  114  6:37  Overlord  
  114  6:43  Overlord  
  114  6:44  Roach x2  
  118  6:48  Ravager  
  118  6:50  Zergling x6, Roach  
  124  6:55  Roach x3  
  124  6:58  Overlord  
  124  7:01  Roach x2  
  132  7:07  Roach x4  
  128  7:16  Roach  
  128  7:17  Roach x4  
  112  7:23  Roach x4  
  112  7:26  Roach  
  112  7:27  Ravager  
  112  7:29  Zergling x2, Roach